Map: Alaeni Enclave

Players

Metasapien - Winner!

  • Race: Zerg Zerg
  • League: Platinum
  • Spawn Location: 1:00

MrnBlkOps - Winner!

  • Race: Protoss Protoss
  • Spawn Location: 11:00

Smokey - Winner!

  • Race: Zerg Zerg
  • Spawn Location: 9:00

Don - Winner!

  • Race: Terran Terran
  • Spawn Location: 3:00

UncleBilbo

  • Race: Protoss Protoss
  • League: Gold
  • Spawn Location: 7:00

Smaukin

  • Race: Zerg Zerg
  • Spawn Location: 5:00

Joner

  • Race: Terran Terran
  • Spawn Location: 9:00

Myir

  • Race: Zerg Zerg
  • Spawn Location: 3:00

VOD

Have the link to the VOD?

Description

Time

  • Played on: Sept. 23, 2017, 9:09 a.m.
  • Length: 22:35
Show
View Real Time Build Order
Export as new Build Order

Metasapien Zerg - Winner!

Build Orders: Pool First 

Get SALT Encoding   

  12  0:08  Drone  
  13  0:24  Spawning Pool  
  13  0:27  Drone  
  13  0:37  Overlord  
  13  0:40  Drone  
  14  0:52  Extractor  
  14  0:53  Drone  
  14  0:56  Drone  
  15  1:10  Drone  
  16  1:13  Drone  
  17  1:25  Hatchery  
  16  1:27  Drone  
  17  1:34  Drone  
  18  1:43  Drone  
  19  2:06  Drone  
  20  2:14  Drone  
  21  2:15  Overlord  
  21  2:23  Hatchery  
  21  2:24  Metabolic Boost  
  21  2:28  Extractor  
  19  2:30  Queen  
  21  2:39  Queen  
  23  2:45  Overlord  
  23  2:50  Drone  
  24  3:02  Drone x2  
  26  3:05  Drone  
  26  3:06  Drone x2  
  29  3:14  Drone  
  30  3:23  Drone  
  31  3:29  Lair  
  31  3:31  Roach Warren  
  31  3:32  Drone  
  31  3:35  Drone  
  31  3:37  Drone  
  33  3:42  Overlord  
  33  3:46  Drone  
  34  3:53  Drone  
  34  3:54  Drone x2  
  38  3:55  Drone  
  38  4:24  Drone x2  
  38  4:25  Drone x4  
  38  4:29  Glial Reconstitution  
  44  4:32  Hydralisk Den  
  44  4:33  Drone x3  
  44  4:34  Queen  
  44  4:36  Overlord  
  44  4:38  Overlord  
  48  4:52  Extractor  
  47  4:53  Drone  
  47  4:54  Drone  
  47  4:55  Drone, Extractor  
  49  5:00  Hydralisk  
  49  5:01  Hydralisk x2, Roach x2  
  49  5:03  Overlord  
  49  5:05  Overlord  
  59  5:33  Drone x3  
  59  5:35  Drone x3  
  64  5:38  Drone x3  
  64  5:41  Roach, Hydralisk x2  
  74  5:49  Pneumatized Carapace  
  74  5:51  Overlord x2  
  74  5:52  Overlord  
  74  5:55  Muscular Augments  
  74  5:58  Drone  
  74  6:00  Drone  
  76  6:05  Drone x2  
  76  6:06  Drone  
  76  6:08  Drone  
  80  6:18  Evolution Chamber  
  79  6:33  Evolution Chamber  
  78  6:56  Queen  
  78  6:58  Overlord x2  
  78  6:59  Overlord  
  80  7:08  Drone  
  80  7:09  Drone x2  
  80  7:11  Drone x2, Extractor  
  80  7:12  Drone  
  80  7:13  Drone x2, Extractor  
  86  7:18  Infestation Pit  
  86  7:19  Zerg Missile Weapons Level 1  
  86  7:20  Zerg Ground Armor Level 1, Hydralisk  
  86  7:21  Roach x2, Hydralisk x4  
  86  7:22  Hydralisk, Roach x4  
  109  7:26  Ravager  
  109  7:27  Ravager  
  111  7:32  Burrow  
  111  7:40  Overlord  
  111  7:50  Overseer  
  111  8:00  Overseer  
  111  8:04  Overseer  
  111  8:09  Hydralisk x2  
  111  8:10  Hydralisk x5  
  125  8:19  Hydralisk x2  
  104  8:21  Roach  
  104  8:23  Zergling x6, Roach  
  104  8:24  Zergling x2  
  108  8:40  Hydralisk x3  
  116  8:41  Roach x2  
  116  8:44  Overlord x4  
  118  8:50  Hydralisk x2  
  122  9:19  Hydralisk  
  122  9:20  Roach x2, Infestor, Hydralisk  
  122  9:21  Roach  
  134  9:31  Drone x2  
  134  9:32  Drone  
  137  9:39  Drone  
  138  9:58  Hatchery  
  137  10:08  Hydralisk x2  
  137  10:09  Roach x2, Hydralisk x2  
  137  10:10  Infestor x2  
  137  10:11  Hydralisk x2  
  137  10:12  Roach x2  
  161  10:32  Zerg Missile Weapons Level 2  
  157  10:53  Drone x3  
  160  10:57  Spore Crawler  
  160  10:59  Zerg Ground Armor Level 2  
  160  11:00  Spore Crawler  
  158  11:10  Nydus Network  
  158  11:11  Queen  
  159  11:12  Drone  
  160  11:20  Hydralisk  
  160  11:21  Roach x3, Hydralisk x2  
  160  11:22  Roach  
  174  11:26  Tunneling Claws  
  174  11:32  Drone  
  175  11:52  Extractor  
  174  11:55  Extractor  
  173  12:03  Hydralisk  
  173  12:06  Overlord x3  
  175  12:19  Overlord x3  
  175  12:25  Hive  
  175  13:00  Hydralisk x2  
  175  13:01  Roach x3, Hydralisk x4  
  175  13:02  Roach x3  
  133  13:37  Hydralisk  
  133  13:38  Hydralisk x6  
  133  13:39  Hydralisk x3, Roach x7  
  133  13:40  Roach  
  149  13:44  Zerg Missile Weapons Level 3  
  149  13:46  Zerg Ground Armor Level 3  
  135  13:50  Hydralisk x4  
  135  13:53  Overseer  
  141  13:56  Overseer  
  141  14:19  Adrenal Glands  
  141  14:22  Ultralisk Cavern  
  140  14:24  Spire  
  140  14:25  Hydralisk x2  
  140  14:26  Hydralisk x2  
  140  14:27  Zergling x12  
  140  14:28  Zergling x4  
  155  14:33  Hatchery  
  119  15:01  Zergling x22  
  119  15:02  Zergling x2  
  116  15:08  Zergling x6  
  116  15:09  Zergling x12  
  111  15:22  Hydralisk  
  111  15:23  Hydralisk x5  
  115  15:40  Hydralisk  
  115  15:41  Hydralisk x5  
  127  15:51  Zergling x8  
  131  16:03  Hydralisk x4  
  139  16:06  Overlord x2  
  139  16:11  Hatchery  
  138  16:30  Hydralisk x5  
  138  16:31  Roach x4, Hydralisk x4  
  138  16:32  Roach x4  
  151  16:47  Zergling x2, Hydralisk x3  
  151  16:48  Roach x5, Hydralisk x3  
  151  16:49  Roach  
  179  17:13  Hydralisk x4  
  179  17:14  Roach, Hydralisk x4  
  179  17:15  Hydralisk x2  
  199  17:30  Extractor  
  199  17:33  Extractor, Zerg Melee Weapons Level 1  
  197  17:48  Hydralisk  
  199  18:51  Ravager  
  166  19:33  Drone x6  
  166  19:34  Drone x6  
  166  19:35  Drone x3  
  181  19:48  Overseer  
  181  19:50  Overseer  
  181  19:54  Queen x3  
  187  20:03  Spore Crawler  
  186  20:09  Spine Crawler  
  186  20:13  Spore Crawler  
  168  20:24  Hydralisk x2  
  168  20:25  Roach x2, Hydralisk  
  168  20:26  Zergling x10  
  168  20:27  Zergling x10  
  168  20:28  Overseer  
  186  20:33  Overlord  
  186  20:34  Overlord x2  
  186  20:56  Overseer  
  144  21:28  Drone  
  144  21:29  Drone x2  
  137  21:41  Hydralisk x2  
  137  21:42  Hydralisk  
  137  21:43  Zergling x6  
  137  21:44  Zergling x32  
  162  22:03  Zergling x4  
  162  22:04  Zergling x12  
  162  22:05  Zergling x8  
Show
View Real Time Build Order
Export as new Build Order

MrnBlkOps Protoss - Winner!

Build Orders:  

Get SALT Encoding   

  12  0:03  Probe (Chrono Boost)  
  13  0:19  Probe (Chrono Boost)  
  14  0:29  Probe (Chrono Boost)  
  15  0:37  Pylon  
  15  0:56  Probe (Chrono Boost)  
  16  0:58  Pylon  
  16  1:03  Pylon  
  16  1:06  Probe (Chrono Boost), Assimilator  
  16  1:10  Assimilator  
  17  1:17  Probe (Chrono Boost)  
  18  1:26  Gateway  
  18  1:27  Probe (Chrono Boost)  
  19  1:33  Forge  
  19  1:44  Probe (Chrono Boost)  
  20  1:54  Probe (Chrono Boost)  
  21  2:05  Probe (Chrono Boost)  
  22  2:09  Photon Cannon  
  22  2:12  Photon Cannon  
  22  2:16  Probe (Chrono Boost)  
  22  2:21  Cybernetics Core  
  23  2:30  Photon Cannon  
  23  2:33  Probe (Chrono Boost)  
  24  2:41  Zealot  
  24  2:43  Probe (Chrono Boost)  
  27  3:01  Pylon  
  27  3:12  Nexus  
  27  3:18  Warp Gate (Chrono Boost)  
  27  3:25  Stalker  
  29  3:40  Pylon  
  29  3:43  Pylon  
  29  3:55  Stalker  
  31  4:02  Photon Cannon  
  31  4:17  Assimilator  
  31  4:22  Assimilator  
  31  4:30  Photon Cannon  
  31  4:39  Photon Cannon  
  31  4:48  Photon Cannon  
  31  4:55  Photon Cannon  
  31  5:00  Stargate  
  31  5:01  Stargate  
  31  5:08  Twilight Council  
  31  5:13  Protoss Air Weapons Level 1 (Chrono Boost)  
  31  5:23  Probe  
  32  5:34  Probe  
  33  5:39  Stalker  
  35  5:44  Probe  
  36  5:51  Fleet Beacon  
  36  5:55  Probe  
  36  5:56  Oracle  
  40  6:05  Probe  
  41  6:16  Probe  
  41  6:17  Oracle (Chrono Boost)  
  45  6:26  Probe  
  45  6:29  Photon Cannon  
  46  6:37  Probe  
  46  6:39  Carrier (Chrono Boost)  
  47  8:25  Carrier (Chrono Boost)  
  53  8:29  Tempest (Chrono Boost)  
  59  8:55  Protoss Air Armor Level 1  
  59  9:06  Tempest (Chrono Boost)  
  59  9:07  Probe  
  66  9:19  Probe  
  67  9:28  Stargate  
  67  9:31  Probe  
  68  9:32  Stargate  
  68  9:39  Tempest (Chrono Boost)  
  68  9:43  Probe  
  75  9:55  Probe  
  76  10:07  Probe  
  76  10:12  Nexus  
  77  10:16  Graviton Catapult  
  77  10:29  Pylon x2  
  77  10:31  Pylon  
  77  10:33  Pylon  
  77  10:35  Pylon  
  77  10:47  Mothership Core, Tempest (Chrono Boost)  
  77  10:48  Tempest (Chrono Boost), Protoss Air Weapons Level 2  
  91  10:51  Pylon  
  91  10:52  Pylon  
  91  10:54  Assimilator  
  103  11:20  Carrier (Chrono Boost), Tempest (Chrono Boost)  
  103  11:25  Tempest (Chrono Boost)  
  109  11:37  Photon Cannon  
  109  11:38  Photon Cannon  
  109  11:39  Photon Cannon  
  109  11:41  Photon Cannon  
  109  11:49  Probe  
  110  11:59  Probe  
  111  12:02  Assimilator  
  111  12:06  Tempest (Chrono Boost)  
  117  12:10  Probe  
  118  12:20  Probe  
  119  12:31  Probe  
  126  12:52  Tempest x2 (Chrono Boost)  
  124  14:21  Tempest x2 (Chrono Boost)  
  148  14:27  Tempest x2 (Chrono Boost)  
  136  14:59  Tempest (Chrono Boost)  
  112  15:17  Carrier (Chrono Boost)  
  130  15:21  Carrier (Chrono Boost)  
  130  15:28  Carrier (Chrono Boost)  
  130  15:30  Probe  
  131  15:41  Probe  
  132  15:53  Probe  
  133  16:05  Probe  
  134  16:17  Probe  
  73  17:48  Carrier x2 (Chrono Boost)  
  73  17:49  Carrier (Chrono Boost)  
  97  18:00  Carrier (Chrono Boost)  
  97  18:38  Mothership Core  
  117  19:03  Carrier x3 (Chrono Boost)  
  123  19:25  Carrier (Chrono Boost)  
  123  20:16  Tempest (Chrono Boost)  
  123  20:17  Tempest x2 (Chrono Boost)  
Show
View Real Time Build Order
Export as new Build Order

Smokey Zerg - Winner!

Build Orders: Hatch First 

Get SALT Encoding   

  12  0:02  Drone  
  13  0:12  Overlord  
  13  0:17  Drone  
  14  0:30  Drone x2  
  16  0:36  Drone  
  17  0:47  Drone  
  18  0:58  Hatchery  
  18  1:00  Drone  
  18  1:17  Spawning Pool  
  17  1:20  Drone x2  
  19  1:32  Drone  
  20  1:40  Drone  
  20  1:43  Extractor  
  20  1:45  Extractor  
  19  1:58  Overlord  
  19  2:01  Drone  
  20  2:04  Queen  
  22  2:11  Drone x2  
  22  2:13  Queen  
  26  2:26  Drone  
  26  2:27  Drone  
  26  2:28  Roach Warren  
  27  2:48  Drone x3  
  30  2:57  Drone x2  
  30  2:58  Drone  
  33  3:00  Lair  
  34  3:05  Drone x2  
  35  3:15  Drone  
  36  3:24  Overlord  
  36  3:36  Overlord  
  36  3:37  Overlord  
  36  3:40  Hatchery  
  35  3:45  Roach x4  
  43  3:50  Overlord  
  43  3:57  Drone x2  
  45  4:04  Drone x3  
  45  4:05  Drone x3  
  51  4:17  Drone x4  
  53  4:23  Extractor x2  
  53  4:31  Spire  
  52  4:34  Overlord x3  
  52  4:51  Drone x4  
  56  4:56  Roach x2  
  60  5:02  Queen  
  60  5:05  Drone x3  
  60  5:06  Drone x2  
  67  5:10  Drone x4  
  67  5:13  Overlord  
  71  5:15  Overlord  
  71  5:29  Drone x6  
  77  5:43  Mutalisk x3  
  77  5:44  Mutalisk x3  
  77  5:46  Mutalisk  
  91  5:50  Extractor  
  91  5:51  Extractor  
  91  5:52  Drone x2  
  91  6:00  Drone x2  
  93  6:04  Zerg Flyer Armor Level 1  
  93  6:08  Drone x4  
  97  6:14  Infestation Pit  
  97  6:16  Drone  
  97  6:17  Drone  
  97  6:18  Evolution Chamber x2, Mutalisk x3  
  102  6:30  Drone  
  103  6:35  Mutalisk x2  
  103  6:37  Overlord x3  
  107  6:41  Hatchery  
  106  6:48  Mutalisk  
  106  6:49  Mutalisk  
  106  6:51  Overlord x2  
  106  6:52  Overlord x2  
  110  7:00  Zerg Ground Armor Level 1  
  110  7:07  Overseer  
  110  7:18  Mutalisk x2  
  110  7:20  Overlord  
  110  7:21  Overlord x4  
  114  7:24  Overlord x3  
  114  7:28  Hive  
  114  7:38  Overseer  
  99  8:05  Mutalisk  
  99  8:06  Mutalisk x3, Roach  
  99  8:07  Drone  
  99  8:08  Drone  
  99  8:10  Spore Crawler  
  99  8:11  Spore Crawler, Spine Crawler  
  94  8:14  Spine Crawler  
  90  8:20  Spore Crawler x2  
  90  8:21  Spine Crawler  
  90  8:22  Spine Crawler  
  84  8:29  Drone x2  
  84  8:30  Drone x3  
  89  8:36  Drone x2  
  89  8:37  Extractor  
  59  8:56  Ultralisk Cavern, Overseer x2  
  59  9:00  Drone x2  
  55  9:13  Drone  
  54  9:19  Drone x3  
  54  9:20  Drone x5  
  60  9:26  Drone  
  61  9:36  Drone x2  
  61  9:37  Drone  
  64  9:41  Extractor  
  64  9:43  Drone  
  64  9:44  Drone  
  65  9:49  Drone  
  65  9:50  Chitinous Plating  
  65  9:52  Zerg Ground Armor Level 2  
  66  9:58  Evolution Chamber  
  41  10:30  Drone x5  
  41  10:31  Drone x4  
  50  10:44  Ultralisk  
  50  10:46  Drone x2  
  58  10:53  Drone x2  
  60  10:58  Spore Crawler  
  60  11:00  Spine Crawler  
  58  11:07  Ultralisk  
  58  11:08  Drone  
  65  11:21  Ultralisk  
  71  11:39  Queen  
  73  11:42  Drone  
  73  11:45  Hatchery  
  73  12:05  Ultralisk  
  73  12:07  Zerg Melee Weapons Level 1  
  79  12:09  Ultralisk  
  79  12:11  Overseer  
  85  12:18  Drone x3  
  85  12:19  Drone  
  89  12:30  Queen  
  91  12:48  Drone x2  
  91  12:49  Drone x6  
  91  12:50  Drone  
  100  13:16  Hatchery  
  100  13:17  Ultralisk x2  
  111  13:24  Zerg Ground Armor Level 3  
  111  13:40  Ultralisk x2  
  119  14:02  Drone  
  120  14:43  Ultralisk x7  
  131  14:58  Zergling x2, Ultralisk  
  131  14:59  Zergling x6  
  121  15:33  Ultralisk  
  127  15:36  Drone  
  126  16:05  Hatchery  
  125  16:12  Zergling x4  
  125  16:13  Zergling x6  
  100  16:40  Zergling x10  
  100  16:46  Zergling x2  
  76  16:53  Drone  
  64  17:35  Zergling x10  
  45  17:44  Zergling x2  
  45  17:45  Zergling x4  
  45  17:48  Zergling x4  
  45  17:49  Zergling x4  
  42  18:00  Zergling x4  
  42  18:19  Zergling x2  
  26  19:46  Hatchery  
  24  21:40  Hatchery  
  24  21:45  Extractor  
  24  21:46  Extractor  
  21  21:52  Zergling x6  
Show
View Real Time Build Order
Export as new Build Order

Don Terran - Winner!

Build Orders: MMM Bio 

Get SALT Encoding   

  12  0:01  SCV  
  13  0:13  SCV  
  14  0:18  Supply Depot  
  14  0:26  SCV  
  15  0:31  Refinery  
  15  0:40  SCV  
  16  0:46  Barracks  
  16  0:52  SCV  
  17  1:04  SCV  
  18  1:15  Supply Depot  
  18  1:17  SCV  
  19  1:33  Orbital Command  
  19  1:34  Marine  
  20  1:40  Factory  
  20  1:51  Refinery  
  20  1:52  Marine  
  21  2:04  SCV  
  22  2:10  Barracks  
  22  2:14  Barracks Reactor  
  22  2:17  SCV  
  22  2:20  Supply Depot  
  23  2:29  SCV  
  24  2:40  Factory Tech Lab  
  24  2:41  SCV  
  25  2:47  Engineering Bay  
  25  2:52  Marine x2  
  27  2:59  Barracks Tech Lab  
  27  3:00  Siege Tank  
  27  3:03  SCV  
  31  3:09  Marine x2  
  33  3:15  Missile Turret  
  33  3:18  Terran Infantry Weapons Level 1  
  33  3:24  Stimpack  
  33  3:43  Supply Depot  
  33  3:45  Missile Turret  
  33  3:46  Marine  
  33  3:47  Marine  
  35  3:48  Siege Tank  
  35  3:50  Marine  
  39  4:04  Marine x2  
  39  4:05  Supply Depot  
  39  4:07  Marine  
  42  4:17  Missile Turret  
  42  4:26  SCV  
  43  4:35  Command Center  
  43  4:47  Starport  
  43  4:52  Siege Tank  
  46  4:55  SCV  
  47  5:05  Missile Turret  
  47  5:11  Sensor Tower  
  47  5:13  Terran Infantry Armor Level 1  
  47  5:19  Marine x2  
  47  5:21  Marine  
  50  5:27  Starport Reactor  
  50  5:42  Refinery  
  50  5:43  Refinery, Missile Turret  
  50  5:48  Missile Turret  
  50  5:58  Orbital Command  
  50  6:11  Medivac x2  
  50  6:13  Combat Shields  
  50  6:17  SCV  
  55  6:27  SCV  
  55  6:29  SCV  
  55  6:30  Marine x3  
  60  6:37  Siege Tank  
  63  6:47  Missile Turret  
  63  6:49  Missile Turret  
  63  6:53  Missile Turret  
  63  6:57  Missile Turret  
  63  7:00  Missile Turret  
  63  7:09  SCV x2  
  65  7:20  Medivac x2  
  65  7:21  SCV  
  70  7:27  Armory  
  70  8:13  Supply Depot  
  70  8:15  Supply Depot  
  70  8:25  Starport  
  70  8:35  Medivac, Siege Tank, SCV, Marine x2  
  70  8:36  Marine  
  70  8:37  Medivac  
  81  8:53  Marauder, Marine  
  81  8:54  Marine  
  73  9:05  Medivac  
  73  9:07  Medivac  
  74  9:10  Marine  
  74  9:12  Marine  
  74  9:14  Marauder  
  78  9:26  Siege Tank  
  78  9:28  Marine  
  78  9:30  Marine  
  83  9:35  Medivac  
  85  9:45  Supply Depot x2  
  85  9:46  Supply Depot, Marine  
  85  9:47  Supply Depot x2  
  85  9:50  Marauder  
  86  9:58  Marine  
  85  10:00  Medivac  
  85  10:04  Marine  
  85  10:11  Marauder  
  79  10:32  Marauder  
  81  10:40  Marine x2  
  83  10:43  Command Center  
  83  10:54  Marauder  
  85  10:58  Marine x2  
  85  11:00  Siege Tank  
  85  11:01  Medivac x2  
  94  11:10  Command Center  
  94  11:15  Marauder, Marine  
  97  11:29  Marine  
  98  11:33  Siege Tank, Marine  
  98  11:34  Supply Depot  
  98  11:36  Supply Depot, Marine  
  98  11:38  Terran Infantry Weapons Level 2  
  98  11:39  Terran Vehicle Weapons Level 1, Supply Depot  
  103  11:47  Marine  
  103  11:51  Marine  
  105  11:54  Marauder  
  105  11:55  Planetary Fortress  
  107  12:01  Refinery  
  107  12:16  Marauder  
  109  12:25  Marine x2  
  109  12:26  Refinery  
  111  12:33  Barracks x2  
  111  12:37  Marauder  
  113  12:47  Missile Turret  
  113  12:48  Missile Turret  
  113  12:50  Missile Turret  
  113  12:51  Missile Turret  
  113  12:53  Missile Turret  
  65  13:24  Barracks Reactor x2  
  65  13:44  Marine  
  65  13:45  Marauder, Marine  
  65  13:46  Siege Tank  
  65  13:47  Medivac  
  74  13:49  Medivac  
  76  14:02  Marine x2  
  76  14:06  Marine x4  
  76  14:07  Marauder  
  84  14:17  Medivac  
  84  14:18  Siege Tank  
  84  14:20  Marine x2  
  84  14:22  SCV x2  
  84  14:23  SCV  
  94  14:24  Marine x2  
  94  14:28  Marauder  
  98  14:34  SCV  
  98  14:35  SCV  
  95  14:50  Marine  
  95  14:51  Marine x6  
  94  15:08  Marine x2  
  94  15:09  Marine x2  
  94  15:12  Marine  
  94  15:13  Marine x2  
  101  15:18  SCV  
  101  15:19  SCV x2  
  104  15:26  Marine  
  98  15:31  Marauder  
  101  15:37  Orbital Command  
  100  15:51  Siege Tank, Medivac x2  
  100  15:52  Marine x3  
  100  15:53  Marauder, Marine x3  
  115  16:10  Marine x4  
  117  16:14  Marauder  
  119  16:21  SCV  
  119  16:22  SCV x2  
  121  16:33  SCV  
  121  16:34  SCV x2  
  121  16:35  Marauder  
  117  16:40  Marine x4  
  117  16:46  SCV  
  122  16:47  SCV x2  
  124  16:56  Terran Infantry Weapons Level 3  
  124  16:57  Marauder  
  124  16:58  SCV  
  126  17:18  Marauder  
  127  17:24  Marine  
  127  17:25  Marine x5  
  127  17:26  Siege Tank  
  127  17:27  Medivac x2  
  140  17:33  Terran Vehicle And Ship Armor Level 1  
  140  17:34  SCV x2  
  140  17:35  SCV  
  143  17:40  Marauder  
  145  17:46  SCV  
  145  17:47  SCV  
  147  17:58  Marine x2  
  147  17:59  Siege Tank, Marine x3  
  147  18:01  Medivac x2, Marauder  
  161  18:07  Supply Depot x2  
  161  18:09  Supply Depot  
  161  18:22  Marauder  
  163  18:31  Siege Tank  
  164  18:44  Marauder  
  163  19:03  Siege Tank  
  163  19:05  Marauder  
  166  19:33  Terran Infantry Armor Level 2  
  91  21:38  SCV  
  91  21:39  SCV x2  
  94  21:46  Marine x3  
  90  21:47  Marine x2  
  90  21:51  SCV  
  93  22:09  SCV  
  93  22:13  Marine  
  93  22:26  Supply Depot x2  
Show
View Real Time Build Order
Export as new Build Order

UncleBilbo Protoss 

Build Orders: Dark Templar Rush 

Get SALT Encoding   

  12  0:02  Probe (Chrono Boost)  
  13  0:15  Pylon  
  14  0:28  Probe (Chrono Boost)  
  14  0:39  Probe (Chrono Boost), Gateway  
  15  0:49  Probe (Chrono Boost)  
  16  0:52  Assimilator  
  16  1:00  Probe (Chrono Boost)  
  17  1:10  Probe (Chrono Boost)  
  18  1:19  Assimilator  
  18  1:21  Probe (Chrono Boost)  
  18  1:23  Pylon  
  19  1:28  Cybernetics Core  
  19  1:31  Probe (Chrono Boost)  
  20  1:42  Probe (Chrono Boost)  
  20  1:43  Pylon  
  21  1:53  Probe (Chrono Boost)  
  22  2:03  Probe (Chrono Boost)  
  22  2:06  Twilight Council  
  23  2:24  Nexus  
  23  2:32  Forge  
  23  2:58  Dark Shrine  
  23  3:02  Pylon  
  23  3:06  Protoss Ground Weapons Level 1 (Chrono Boost)  
  23  3:10  Assimilator  
  23  3:11  Mothership Core  
  25  3:18  Assimilator  
  25  3:32  Gateway  
  25  3:35  Pylon  
  25  3:41  Pylon  
  25  3:46  Gateway  
  25  3:47  Probe  
  25  3:53  Probe  
  27  4:00  Probe  
  28  4:11  Probe  
  28  4:15  Dark Templar (Chrono Boost)  
  31  4:21  Probe, Dark Templar (Chrono Boost)  
  34  4:32  Probe, Pylon  
  35  4:41  Dark Templar (Chrono Boost)  
  35  4:44  Probe  
  38  4:51  Dark Templar (Chrono Boost)  
  40  4:56  Probe  
  40  4:58  Dark Templar (Chrono Boost)  
  43  5:05  Probe  
  44  5:08  Probe  
  45  5:14  Protoss Ground Weapons Level 2 (Chrono Boost)  
  45  5:17  Probe  
  46  5:25  Photon Cannon  
  46  5:29  Probe  
  47  5:41  Dark Templar (Chrono Boost)  
  47  5:43  Dark Templar (Chrono Boost)  
  47  5:45  Dark Templar (Chrono Boost)  
  53  5:59  Gateway  
  53  6:04  Gateway  
  53  6:17  Dark Templar (Chrono Boost)  
  55  6:24  Dark Templar (Chrono Boost)  
  59  6:27  Probe, Dark Templar (Chrono Boost)  
  60  6:39  Probe  
  61  6:52  Dark Templar (Chrono Boost)  
  63  6:55  Dark Templar (Chrono Boost)  
  63  6:58  Dark Templar (Chrono Boost)  
  69  7:02  Dark Templar (Chrono Boost)  
  69  7:08  Dark Templar (Chrono Boost)  
  27  8:23  Dark Templar  
  23  8:28  Dark Templar x4  
  31  8:54  Nexus  
  31  8:57  Dark Templar  
  33  9:07  Dark Templar  
  31  9:38  Dark Templar x2  
  35  9:48  Pylon  
  20  10:54  Dark Templar x2  
  20  10:56  Probe  
  21  11:08  Probe  
  21  11:10  Pylon  
  22  11:15  Pylon  
  22  11:16  Probe  
  23  11:20  Probe, Photon Cannon  
  24  11:26  Probe  
  24  11:27  Probe  
  24  11:32  Probe  
  27  11:37  Probe  
  27  11:39  Probe  
  29  11:44  Probe  
  30  11:47  Probe  
  30  11:51  Mothership Core  
  33  11:56  Probe  
  33  11:58  Probe  
  35  12:08  Probe  
  35  12:11  Dark Templar  
  38  12:21  Probe  
  39  12:25  Dark Templar  
  41  12:30  Probe  
  40  12:40  Probe  
  35  12:44  Dark Templar  
  35  12:49  Dark Templar  
  35  12:51  Probe  
  40  13:01  Probe  
  40  13:02  Assimilator  
  41  13:12  Probe  
  42  13:22  Protoss Ground Weapons Level 3 (Chrono Boost)  
  42  13:24  Probe  
  42  13:25  Nexus  
  43  13:31  Dark Templar (Chrono Boost)  
  47  13:35  Dark Templar (Chrono Boost)  
  47  13:36  Probe  
  48  13:44  Probe  
  48  13:48  Probe  
  52  13:57  Probe  
  52  14:01  Dark Templar (Chrono Boost)  
  53  14:08  Dark Templar (Chrono Boost)  
  59  14:24  Dark Templar (Chrono Boost)  
  59  14:25  Dark Templar (Chrono Boost)  
  61  14:46  Dark Templar (Chrono Boost)  
  61  14:51  Dark Templar (Chrono Boost)  
  49  15:31  Dark Templar (Chrono Boost)  
  57  15:36  Dark Templar x3 (Chrono Boost)  
  55  15:43  Probe  
  55  15:46  Dark Templar (Chrono Boost)  
  56  15:54  Probe  
  56  15:55  Assimilator  
  53  16:04  Probe  
  53  16:05  Photon Cannon  
  53  16:09  Dark Templar (Chrono Boost)  
  56  16:15  Dark Templar (Chrono Boost)  
  47  16:29  Nexus  
  41  16:48  Dark Templar x2 (Chrono Boost)  
  41  17:07  Dark Templar (Chrono Boost)  
  45  17:12  Dark Templar (Chrono Boost)  
  45  17:18  Pylon  
  45  17:29  Dark Templar (Chrono Boost)  
  47  17:42  Photon Cannon  
  47  17:44  Photon Cannon  
  47  17:47  Photon Cannon  
  47  17:50  Pylon  
  47  17:54  Pylon  
  47  17:59  Photon Cannon  
  47  18:18  Dark Templar (Chrono Boost)  
  57  18:22  Dark Templar x2 (Chrono Boost)  
  57  18:23  Dark Templar x2 (Chrono Boost)  
  57  18:24  Photon Cannon  
  57  18:28  Probe, Photon Cannon  
  57  18:31  Forge  
  58  18:39  Probe  
  59  18:50  Probe  
  61  19:00  Probe  
  69  19:11  Probe  
  44  19:41  Pylon  
  42  19:49  Photon Cannon  
  42  19:52  Photon Cannon  
  35  20:06  Pylon  
  35  20:09  Photon Cannon  
Show
View Real Time Build Order
Export as new Build Order

Smaukin Zerg 

Build Orders: 3 Hatch before Pool 

Get SALT Encoding   

  12  0:02  Drone  
  13  0:10  Drone  
  14  0:38  Hatchery  
  13  0:43  Drone  
  14  1:04  Hatchery  
  14  1:06  Drone  
  14  1:23  Spawning Pool  
  13  1:27  Extractor  
  13  1:29  Drone  
  13  1:33  Extractor  
  13  1:35  Drone  
  13  1:39  Drone  
  14  1:49  Overlord  
  14  1:59  Drone  
  15  2:06  Drone x2  
  17  2:13  Queen  
  19  2:29  Roach Warren  
  18  2:30  Drone  
  18  2:31  Drone  
  18  2:33  Drone  
  21  2:38  Drone  
  21  2:40  Drone  
  21  2:44  Drone  
  24  2:47  Drone  
  24  2:51  Drone  
  26  2:55  Drone  
  27  3:00  Drone x2  
  27  3:02  Drone  
  27  3:05  Drone  
  31  3:07  Drone  
  31  3:10  Drone  
  33  3:19  Drone  
  34  3:22  Overlord x2  
  34  3:29  Evolution Chamber  
  33  3:35  Evolution Chamber  
  33  3:36  Lair  
  33  3:38  Drone x2  
  34  3:42  Overlord  
  34  3:46  Overlord  
  34  3:49  Drone  
  34  3:51  Drone  
  34  3:53  Drone  
  37  3:56  Drone  
  37  3:57  Drone  
  37  3:59  Drone  
  40  4:10  Zerg Missile Weapons Level 1  
  40  4:12  Zerg Ground Armor Level 1  
  40  4:17  Roach  
  40  4:22  Extractor  
  40  4:24  Drone, Extractor  
  40  4:28  Drone x4  
  40  4:29  Drone x2  
  47  4:37  Queen  
  49  4:39  Queen  
  49  4:44  Spore Crawler  
  50  4:46  Drone x2  
  50  4:47  Spore Crawler  
  50  4:52  Spine Crawler  
  50  4:54  Drone  
  50  4:58  Extractor  
  50  4:59  Extractor  
  49  5:00  Drone x2  
  49  5:04  Spore Crawler  
  50  5:07  Spore Crawler  
  50  5:09  Drone  
  50  5:13  Roach x4  
  50  5:14  Roach  
  60  5:24  Drone x3  
  60  5:26  Drone x2  
  60  5:27  Drone  
  66  5:36  Glial Reconstitution  
  66  5:41  Burrow  
  66  5:49  Overlord x2, Infestation Pit  
  65  5:53  Drone  
  66  5:59  Overlord x2  
  66  6:01  Overlord x2  
  66  6:03  Overlord x2  
  66  6:11  Roach  
  66  6:12  Roach x5  
  66  6:15  Zerg Missile Weapons Level 2  
  78  6:24  Drone x3  
  81  6:26  Drone x2  
  81  6:27  Drone  
  84  6:42  Zerg Ground Armor Level 2  
  84  6:46  Roach  
  88  6:47  Roach  
  88  6:55  Tunneling Claws  
  88  7:04  Drone x3  
  88  7:05  Drone  
  88  7:06  Roach x14  
  92  7:11  Metabolic Boost  
  92  7:15  Roach x6  
  104  7:34  Roach x14  
  96  8:23  Roach x10  
  96  8:30  Roach x10  
  96  8:36  Roach x9  
  76  9:22  Hydralisk Den  
  75  9:45  Hatchery  
  74  9:56  Muscular Augments, Hydralisk  
  74  9:57  Hydralisk x14  
  74  9:58  Hydralisk  
  106  10:20  Zergling x14  
  113  10:25  Zerg Melee Weapons Level 1  
  113  10:29  Hive  
  113  10:30  Pathogen Glands  
  113  10:59  Hydralisk  
  113  11:00  Hydralisk x10  
  113  11:02  Overlord  
  113  11:03  Overlord x2  
  135  11:30  Hydralisk  
  135  11:31  Hydralisk x8  
  153  11:42  Queen  
  153  11:45  Drone x3  
  158  12:11  Drone x2  
  160  12:19  Extractor  
  159  12:24  Overlord x5, Extractor  
  159  12:25  Overlord x4  
  158  12:31  Zerg Missile Weapons Level 3  
  158  12:33  Zerg Ground Armor Level 3  
  115  13:14  Hydralisk  
  115  13:15  Hydralisk x18  
  143  13:35  Hydralisk  
  143  13:36  Hydralisk x4  
  131  14:00  Hydralisk  
  131  14:01  Hydralisk x11  
  139  14:12  Zergling x2  
  139  14:13  Zergling x6  
  139  14:16  Zergling x6  
  144  14:43  Hatchery  
  93  15:02  Hydralisk x3  
  93  15:03  Hydralisk x12  
  100  15:08  Zerg Melee Weapons Level 2  
  97  15:33  Zergling x14  
  97  15:34  Zergling x4  
  106  15:51  Hatchery  
  105  16:28  Zergling x2  
  105  16:29  Zergling x28  
  105  16:32  Adrenal Glands  
  120  16:37  Neural Parasite  
  72  16:54  Hydralisk  
  72  16:55  Hydralisk x6  
  75  17:03  Spine Crawler  
  75  17:05  Spine Crawler x2  
  75  17:06  Spine Crawler  
  18  17:36  Spine Crawler  
  7  17:39  Spine Crawler  
  7  17:40  Drone x3  
Show
View Real Time Build Order
Export as new Build Order

Joner Terran 

Build Orders: Command Center First (CC) 

Get SALT Encoding   

  12  0:02  SCV  
  13  0:22  SCV  
  14  0:34  SCV  
  15  0:49  Command Center  
  15  0:58  Refinery  
  15  1:01  Refinery  
  15  1:13  Supply Depot  
  15  1:35  Engineering Bay  
  15  1:52  SCV  
  15  2:11  SCV  
  16  3:04  Barracks  
  16  3:11  Supply Depot  
  16  3:31  Missile Turret  
  16  3:44  SCV  
  17  3:55  Factory  
  17  3:59  Barracks Tech Lab  
  17  4:15  Orbital Command  
  17  4:23  SCV  
  18  4:38  Orbital Command  
  18  4:53  Barracks Tech Lab  
  18  4:55  Siege Tank  
  21  5:02  SCV  
  22  5:14  Missile Turret  
  22  5:21  SCV  
  23  5:31  Starport  
  23  5:37  Missile Turret  
  23  5:43  Missile Turret  
  23  5:44  SCV  
  23  5:45  SCV  
  25  5:57  Ghost Academy  
  25  6:03  Widow Mine  
  27  6:05  SCV  
  28  6:22  Ghost Academy  
  28  6:24  Ghost Academy  
  28  6:28  Personal Cloaking  
  28  6:35  Ghost  
  30  6:46  Missile Turret  
  30  6:53  Nuke  
  30  6:56  Medivac  
  30  6:59  SCV x2  
  34  7:06  Siege Tank  
  37  7:22  Nuke  
  37  7:38  Siege Tank  
  40  7:48  Nuke  
  40  7:54  Nuke  
  40  8:14  Nuke  
  40  8:18  Widow Mine  
  42  8:47  Widow Mine  
  44  9:08  Nuke x2  
  44  9:09  Ghost  
  46  9:22  Supply Depot x2  
  46  9:24  Supply Depot  
  46  9:29  SCV x2  
  46  9:31  Medivac  
  46  9:39  Missile Turret  
  46  9:43  Ghost  
  48  9:51  Missile Turret  
  48  9:52  Missile Turret  
  48  9:56  Missile Turret  
  48  10:01  Medivac  
  41  11:03  Missile Turret  
  41  11:04  Missile Turret  
  41  11:06  Missile Turret  
  41  11:38  Missile Turret  
  41  11:39  Missile Turret  
  41  11:42  Missile Turret  
  41  11:43  Missile Turret  
  41  11:57  Missile Turret x2  
  41  12:00  Missile Turret  
  41  12:04  Missile Turret  
  41  12:05  Missile Turret  
  41  12:14  Ghost  
  43  12:16  Medivac, Widow Mine  
  47  12:24  Missile Turret  
  47  12:32  Nuke x2  
  47  12:45  Widow Mine  
  49  13:01  Command Center  
  49  13:06  Command Center  
  45  13:13  Widow Mine  
  47  13:26  Refinery x2  
  47  13:37  Nuke  
  47  13:42  Widow Mine  
  49  13:59  Nuke  
  49  14:11  Widow Mine  
  51  14:27  Nuke  
  51  14:36  Planetary Fortress  
  51  14:38  Planetary Fortress  
  51  14:40  Siege Tank  
  51  14:45  Nuke  
  52  15:04  Nuke  
  52  15:12  Missile Turret  
  52  15:21  Nuke  
  50  15:44  Supply Depot  
  50  15:57  Ghost  
  50  15:59  Medivac  
  54  16:22  Missile Turret  
  42  18:06  Missile Turret  
  42  18:10  Missile Turret  
  42  18:12  Missile Turret, Command Center  
  42  18:15  Missile Turret  
  42  18:18  Ghost  
  44  18:21  Medivac  
  44  18:26  Missile Turret  
  46  18:33  Missile Turret  
  46  19:30  Nuke x3  
  46  19:41  Command Center  
  46  19:54  Command Center  
  46  20:20  Planetary Fortress  
  46  20:32  Missile Turret  
  46  20:33  Missile Turret  
  46  20:37  Missile Turret  
  46  20:42  Missile Turret  
  46  20:44  Missile Turret  
  46  20:45  Command Center  
  46  20:46  Missile Turret  
Show
View Real Time Build Order
Export as new Build Order

Myir Zerg 

Build Orders: Pool First 

Get SALT Encoding   

  12  0:01  Drone  
  13  0:10  Drone  
  14  0:17  Overlord  
  14  0:28  Drone, Extractor  
  14  0:35  Drone x2  
  16  0:45  Drone  
  17  0:53  Spawning Pool  
  17  0:57  Drone  
  17  1:08  Overlord  
  17  1:26  Drone  
  18  1:40  Roach Warren  
  18  1:41  Metabolic Boost  
  18  1:42  Zergling x4  
  19  1:47  Queen  
  21  1:57  Zergling x2  
  22  2:05  Drone  
  23  2:17  Drone  
  24  2:23  Queen  
  26  2:33  Baneling Nest, Roach x2  
  29  2:42  Overlord  
  29  3:10  Drone x3  
  29  3:12  Hatchery  
  31  3:18  Baneling x4  
  31  3:19  Baneling x2  
  31  3:24  Zergling x2  
  32  3:34  Extractor  
  32  3:36  Roach x2  
  35  3:49  Overlord  
  35  3:57  Evolution Chamber  
  35  4:02  Roach x2  
  38  4:09  Drone x3  
  41  4:22  Lair  
  41  4:28  Spore Crawler  
  40  4:38  Spore Crawler  
  40  4:39  Drone  
  41  4:45  Drone x2  
  41  4:51  Drone  
  43  5:04  Drone x4  
  47  5:11  Drone x2  
  49  5:18  Pneumatized Carapace  
  49  5:24  Drone x2  
  49  5:28  Overlord  
  51  5:45  Overlord, Drone  
  51  5:46  Overlord  
  52  5:59  Drone x3  
  55  6:06  Extractor x2  
  55  6:09  Hatchery  
  52  6:12  Zerg Ground Armor Level 1  
  52  6:13  Hydralisk Den  
  52  6:16  Roach  
  53  6:36  Drone x2  
  53  6:37  Drone x2  
  57  6:41  Roach x4  
  57  6:46  Muscular Augments  
  65  6:51  Roach  
  67  6:55  Glial Reconstitution  
  67  7:06  Roach x3  
  73  7:10  Drone  
  73  7:11  Drone  
  75  7:20  Drone  
  76  7:23  Overlord  
  76  7:24  Overlord  
  76  7:32  Hydralisk  
  76  7:33  Hydralisk  
  80  7:40  Infestation Pit  
  79  7:49  Drone x6  
  85  7:57  Hydralisk  
  85  7:58  Hydralisk  
  89  8:07  Hydralisk  
  89  8:08  Hydralisk  
  89  8:11  Zerg Missile Weapons Level 1  
  93  8:19  Overlord x2  
  93  8:32  Drone x2  
  93  8:33  Drone, Hydralisk  
  76  9:01  Roach, Hydralisk x5  
  76  9:02  Roach x5, Hydralisk x2  
  90  9:10  Drone x2  
  90  9:11  Drone x3  
  95  9:19  Pathogen Glands  
  95  9:21  Hive  
  95  9:26  Zergling x2  
  95  9:27  Zergling x2, Roach x2  
  101  9:32  Extractor  
  101  9:34  Extractor  
  101  9:35  Queen  
  101  9:39  Hydralisk  
  101  9:40  Roach x2  
  107  9:48  Overseer  
  107  9:49  Overseer  
  107  9:51  Hydralisk x2  
  107  9:52  Roach  
  113  9:53  Overlord  
  113  9:54  Overlord  
  112  10:22  Roach x2, Hydralisk x4  
  112  10:23  Roach x2  
  112  10:24  Overlord  
  112  10:25  Overlord x3  
  128  10:35  Zerg Missile Weapons Level 2  
  128  10:38  Centrifical Hooks  
  128  10:43  Drone x5  
  128  10:44  Drone  
  134  10:51  Ravager  
  135  11:01  Hydralisk x3  
  135  11:02  Roach x3  
  147  11:20  Roach, Hydralisk x4  
  147  11:21  Roach x2  
  161  11:37  Overlord x4  
  161  11:38  Overlord  
  161  11:56  Hatchery  
  161  11:57  Ravager x4  
  161  11:58  Ravager  
  161  11:59  Ravager  
  166  12:03  Infestor x2  
  166  12:04  Infestor x2  
  166  12:05  Infestor  
  176  12:13  Zergling x2  
  176  12:14  Zergling x14  
  184  12:17  Adrenal Glands  
  184  12:24  Zergling x14  
  113  13:44  Hydralisk  
  113  13:45  Hydralisk x17  
  113  13:46  Hydralisk x7  
  155  14:01  Hydralisk  
  155  14:02  Hydralisk x4  
  150  14:07  Zerg Melee Weapons Level 1  
  144  14:19  Roach  
  144  14:20  Roach x8  
  144  14:21  Zergling x12  
  168  14:27  Burrow  
  168  14:31  Zergling x2  
  168  14:32  Zergling x6  
  172  14:47  Extractor x2  
  118  15:31  Roach, Hydralisk x5  
  118  15:32  Roach x6, Hydralisk x2  
  118  15:33  Zergling x2  
  118  15:34  Zergling x2  
  118  15:35  Zergling x14  
  153  15:49  Zergling x6, Roach x4  
  166  15:50  Zergling x4, Roach x3  
  172  16:15  Hydralisk x3, Roach x3  
  172  16:17  Roach  
  186  16:23  Baneling x3  
  186  16:24  Baneling x4  
  186  16:25  Baneling  
  74  16:57  Roach  
  74  16:58  Roach x11  
  98  17:07  Extractor  
  71  17:51  Roach x2  
  71  17:52  Roach x14  
  71  17:53  Roach x7  
  91  18:16  Drone x10  
  90  18:34  Overseer  
Tags
 
Add a new tag
Caveats
  • Supply blocks, unpowered buildings, or Contaminate may cause inaccurate times.
  • Supply counts are checked every 10 seconds.